Map: Orbital Shipyard

Players

Saske

  • Race: Terran Terran
  • League: Platinum

Beastyqt - Winner!

  • Race: Terran Terran
  • League: Master

Event: Lycan League Weekly August #2

VOD

Have the link to the VOD?

Description

Time

  • Played on: Aug. 10, 2015, 12:17 p.m.
  • Length: 7:44

All games in this series

Show
View Real Time Build Order
Export as new Build Order

Saske Terran 

Build Orders: Hellion Banshee, Mech 

Get SALT Encoding   

  12  0:01  SCV  
  13  0:13  SCV  
  14  0:18  Supply Depot  
  14  0:25  SCV  
  15  0:38  Refinery  
  15  0:41  Barracks  
  15  0:44  SCV  
  16  0:56  SCV  
  17  1:08  SCV  
  18  1:20  SCV  
  19  1:28  Marine  
  20  1:33  Orbital Command  
  20  1:40  Factory  
  20  1:53  Refinery  
  20  2:00  Supply Depot  
  20  2:01  Barracks Reactor  
  20  2:05  SCV  
  21  2:18  SCV  
  22  2:30  SCV  
  23  2:37  Command Center  
  23  2:38  Starport  
  23  2:42  SCV  
  24  2:45  Hellion  
  24  2:46  Hellion  
  28  2:55  SCV  
  28  2:58  Barracks Tech Lab  
  28  3:06  Supply Depot  
  28  3:12  Hellion  
  30  3:15  SCV  
  31  3:26  Hellion  
  31  3:31  Viking  
  31  3:33  Hellion  
  35  3:35  SCV  
  36  3:45  Barracks Reactor  
  36  3:47  Factory  
  36  3:48  Hellion  
  38  3:55  Hellion  
  38  4:06  Banshee  
  38  4:09  Hellion  
  42  4:11  SCV  
  43  4:18  Hellion  
  43  4:20  Orbital Command  
  45  4:32  Factory Tech Lab  
  45  4:34  Supply Depot  
  45  4:42  SCV  
  45  4:52  Viking  
  46  4:53  Marine x2  
  46  4:54  SCV  
  47  5:03  SCV  
  47  5:06  SCV  
  39  5:22  SCV x2, Raven  
  38  5:34  SCV  
  39  5:47  SCV x2  
  41  5:50  Marine x2  
  41  5:52  Hellion  
  42  6:03  Siege Tank  
  45  6:13  SCV  
  45  6:15  Factory  
  46  6:21  SCV  
  47  6:25  SCV  
  48  6:33  SCV  
  48  6:35  Medivac x2  
  48  6:39  SCV  
  54  6:56  Refinery  
  54  6:57  Supply Depot  
  54  6:59  SCV x2  
  54  7:05  Viking x2  
  58  7:11  SCV  
  58  7:12  SCV  
  64  7:23  SCV  
  64  7:24  SCV  
Show
View Real Time Build Order
Export as new Build Order

Beastyqt Terran - Winner!

Build Orders: 1/1/1, Banshee Rush 

Get SALT Encoding   

  12  0:01  SCV  
  13  0:13  SCV  
  14  0:18  Supply Depot  
  14  0:25  SCV  
  15  0:32  Refinery  
  15  0:39  SCV  
  16  0:44  Barracks  
  16  0:52  SCV  
  17  1:01  Refinery  
  17  1:04  SCV  
  18  1:16  SCV  
  19  1:31  Orbital Command  
  19  1:32  Factory  
  19  1:39  Barracks Reactor  
  19  1:47  Supply Depot  
  19  1:56  SCV  
  21  2:08  SCV  
  21  2:17  Hellion, Reaper x2  
  21  2:21  Starport  
  25  2:23  SCV  
  26  2:35  Supply Depot  
  26  2:36  SCV  
  26  2:43  Hellion  
  28  2:49  SCV  
  29  2:54  Reaper x2  
  29  2:57  Starport Tech Lab  
  31  3:00  Supply Depot  
  31  3:01  SCV  
  32  3:07  Hellion  
  34  3:13  SCV  
  34  3:15  Cloaking Field  
  35  3:25  SCV  
  36  3:30  Banshee  
  40  3:35  Supply Depot, Marine x2  
  40  3:38  Widow Mine  
  43  3:48  SCV  
  42  4:00  SCV  
  43  4:09  Marine x2  
  42  4:11  Factory Tech Lab  
  42  4:13  Command Center  
  42  4:18  Raven  
  42  4:22  SCV  
  45  4:29  Marine x2  
  47  4:34  SCV  
  48  4:39  Siege Tank  
  51  4:49  SCV  
  47  5:04  SCV  
  48  5:09  Command Center  
  48  5:11  Viking x2  
  52  5:16  SCV  
  53  5:22  Marine  
  53  5:23  Refinery  
  53  5:26  Orbital Command  
  53  5:27  Refinery  
  51  5:35  SCV, Siege Tank  
  55  5:42  Viking  
  56  5:47  SCV  
  55  5:52  SCV  
  55  5:53  Viking  
  58  5:59  SCV, Marine  
  58  6:04  SCV  
  61  6:06  Supply Depot  
  61  6:12  SCV  
  61  6:13  Medivac  
  61  6:16  SCV  
  61  6:18  Supply Depot  
  65  6:19  Marine  
  65  6:23  Medivac  
  65  6:24  SCV  
  69  6:27  Engineering Bay  
  69  6:28  SCV  
  69  6:32  Siege Tank  
  73  6:36  SCV  
  73  6:37  Supply Depot  
  73  6:39  Marine  
  75  6:40  SCV  
  77  6:49  Orbital Command  
  77  6:50  SCV  
  77  6:52  SCV  
  78  6:57  Marine  
  79  7:02  SCV  
  79  7:04  SCV, Siege Tank  
  84  7:10  Orbital Command  
  84  7:14  SCV  
  84  7:15  Barracks, Marine  
  86  7:17  Barracks  
  86  7:23  SCV  
  86  7:26  SCV  

Tags
 
Add a new tag
Caveats
  • Supply blocks, unpowered buildings, or Contaminate may cause inaccurate times.
  • Supply counts are checked every 10 seconds.